 Dungeon Crawl Stone Soup version 0.14-a0-882-gdff4d47 (webtiles) character file.

4815 PolkaDot the Conjurer (level 10, -2/63 HPs)
             Began as a Vampire Conjurer on Nov 16, 2013.
             Was an Elder of Vehumet.
             Slain by a yellow wasp (4 damage)
             ... on Level 8 of the Dungeon.
             The game lasted 00:44:55 (8114 turns).

PolkaDot the Conjurer (Vampire Conjurer)            Turns: 8114, Time: 00:44:56

HP  -2/63        AC  5     Str 11      XL: 10   Next: 19%
MP   2/18        EV 13     Int 20      God: Vehumet [****..]
Gold 216         SH  0     Dex 16      Spells:  5 memorised,  2 levels left

Res.Fire  : + . .   See Invis. : +   g - +1,+2 orc dagger (elec)
Res.Cold  : + . .   Warding    : .   a - +1 robe
Life Prot.: . . .   Conserve   : .   (no shield)
Res.Poison: +       Res.Corr.  : .   p - +1 horned helmet
Res.Elec. : +       Clarity    : .   (no cloak)
Sust.Abil.: . .     Spirit.Shd : .   (no gloves)
Res.Mut.  : .       Stasis     : .   (no boots)
Res.Rott. : .       Flight     : .   (no amulet)
Saprovore : . . .                    l - +2 ring of dexterity
                                     b - +4 ring of strength

@: regenerating quickly, mildly poisoned, very slightly contaminated, hasted and
slowed, somewhat resistant to hostile enchantments, quite stealthy
A: bottle blood, fangs 3, see invisible, unbreathing
a: Bottle Blood, Renounce Religion


You were on level 8 of the Dungeon.
You worshipped Vehumet.
Vehumet was greatly pleased with you.
You were very full.

You visited 2 branches of the dungeon, and saw 9 of its levels.

You collected 276 gold pieces.
You spent 60 gold pieces at shops.

Inventory:

Hand weapons
 g - a +1,+2 orcish dagger of electrocution (weapon)
 m - a +0,+3 vampiric dagger
Armour
 a - a +1 robe (worn)
 p - a +1 horned helmet (worn)
Magical devices
 f - a wand of polymorph (13)
Scrolls
 h - a scroll of fog {unknown}
 i - 2 scrolls of teleportation
 k - a scroll of immolation {unknown}
 n - a scroll of curse armour {unknown}
 o - a scroll of curse weapon {unknown}
 r - a scroll of amnesia {unknown}
 u - a scroll of blinking {unknown}
 x - a scroll of recharging {unknown}
 y - a scroll of enchant weapon I {unknown}
Jewellery
 b - a +4 ring of strength (left hand)
 l - a +2 ring of dexterity (right hand)
Potions
 t - 2 potions of slowing
Books
 c - a book of Conjurations

   Spells                             Type                      Level
   *Magic Dart                        Conjuration                  1
   *Searing Ray                       Conjuration                  2
   Dazzling Spray                     Conjuration/Hexes            3
   Iskenderun's Mystic Blast          Conjuration                  4
   *Iskenderun's Battlesphere         Conjuration/Charms           4
   Fulminant Prism                    Conjuration/Hexes            5
 s - a book of the Earth

   Spells                             Type                      Level
   Dig                                Earth                        4
   Leda's Liquefaction                Hexes/Earth                  4
   Bolt of Magma                      Conjuration/Fire/Earth       5
   Statue Form                        Transmutation/Earth          6
   Iron Shot                          Conjuration/Earth            6
   Shatter                            Earth                        9


   Skills:
 - Level 3.3 Dodging
 - Level 4.7 Stealth
 - Level 2.0 Spellcasting
 * Level 9.5 Conjurations
 - Level 7.8 Charms
 + Level 4.3 Air Magic


You had 2 spell levels left.
You knew the following spells:

 Your Spells              Type           Power        Failure   Level  Hunger
a - Sting                 Conj/Pois      ###.         1%          1    #......
d - Mephitic Cloud        Conj/Pois/Air  ###.....     2%          3    ###....
s - Searing Ray           Conj           #####.       1%          2    ##.....
z - Iskenderun's Battles  Conj/Chrm      #####...     1%          4    #####..
A - Magic Dart            Conj           ####         1%          1    #......


Dungeon Overview and Level Annotations

Branches:
Dungeon (8/16)             Temple (1/1) D:4             Orc (0/4) D:7
   Lair: D:8-13

Altars:
Cheibriados
Elyvilon
Fedhas
Kikubaaqudgha
Makhleb
Nemelex Xobeh
Okawaru
Sif Muna
Trog
Vehumet
Xom
Yredelemnul
Zin
the Shining One
Beogh


Innate Abilities, Weirdness & Mutations

Your natural rate of healing is unusually fast.
You can bottle blood from corpses.
You have razor-sharp teeth.*
You have supernaturally acute eyesight.
You can survive without breathing.*


Message History

The searing ray hits the yellow wasp.
The yellow wasp is severely wounded.
The yellow wasp closely misses you. The yellow wasp stings you.
You feel as though you will be slow longer.
The yellow wasp closely misses you.
Drink which item? (? for menu, Esc to quit)
You feel protected.
It was a potion of resistance.
* * * LOW HITPOINT WARNING * * *
You feel sick. The yellow wasp stings you!
* * * LOW HITPOINT WARNING * * *
The yellow wasp stings you.
* * * LOW HITPOINT WARNING * * *
Drink which item? (? for menu, Esc to quit)
You feel yourself speed up. The yellow wasp closely misses you.
The yellow wasp stings you.
* * * LOW HITPOINT WARNING * * *
You are very lightly contaminated with residual magic.
The yellow wasp stings you.
You die...

...........# #.........
............###.........
.........................
....!....................#
.........................
.........................#
...........................
.......%...................
........)y@[...............
........###........... ....
....... #........ ....
....... #....... .....
......) ........ .....
...... ...... ..... .....
..... .?.. .... .... ...# .
. ..


You could see a yellow wasp.

Vanquished Creatures
  Joseph (D:8)
  The ghost of ark the Covert, an experienced KoAs of Kikubaaqudgha (D:7)
  Psyche (D:8)
  Menkaure (D:4)
  A sky beast (D:7)
  A human (D:7)
  An ice beast (D:7)
  3 ogres
  4 orc warriors (D:7)
  2 phantoms
  3 centaurs
  5 giant frogs
  6 crimson imps
  2 jellies
  A goliath beetle (D:7)
  A giant frog zombie (D:8)
  6 hounds
  6 orc priests
  5 worker ants
  14 orc wizards
  4 iguanas
  4 scorpions
  4 sheep (D:7)
  A mummy (D:6)
  A worker ant zombie (D:8)
  7 adders
  3 worms
  3 giant mites
  An iguana skeleton (D:7)
  A giant eyeball (D:4)
  31 orcs
  20 bats
  2 bat skeletons
  14 goblins
  9 hobgoblins
  12 kobolds
  5 quokkas
  2 ball pythons
  A ball python zombie (D:3)
  5 giant cockroaches
  6 giant geckos
  4 giant newts
  A giant newt skeleton (D:3)
  A goblin skeleton (D:3)
  A hobgoblin skeleton (D:3)
  2 kobold skeletons
  A kobold zombie (D:7)
  An orc skeleton (D:3)
  10 rats
  A rat zombie (D:3)
223 creatures vanquished.

Vanquished Creatures (others)
  2 giant spores (D:7)
2 creatures vanquished.

Grand Total: 225 creatures vanquished

Notes
Turn   | Place    | Note
--------------------------------------------------------------
     0 | D:1      | PolkaDot, the Vampire Conjurer, began the quest for the Orb.
     0 | D:1      | Reached XP level 1. HP: 13/13 MP: 4/4
   337 | D:1      | Reached XP level 2. HP: 19/19 MP: 1/5
  1122 | D:2      | Learned a level 2 spell: Searing Ray
  1173 | D:2      | Reached XP level 3. HP: 24/24 MP: 5/7
  1620 | D:3      | Reached skill level 4 in Stealth
  1728 | D:3      | Reached XP level 4. HP: 15/30 MP: 2/8
  1946 | D:3      | HP: 1/30 [poisoned by an orc]
  2125 | D:3      | Learned a level 4 spell: Iskenderun's Battlesphere
  2213 | D:4      | Found Zin's Purification Station.
  2217 | D:4      | Found a glowing silver altar of Zin.
  2221 | D:4      | Reached XP level 5. HP: 35/35 MP: 10/10
  2224 | D:4      | Bought a potion of curing for 60 gold pieces
  2275 | D:4      | Noticed Menkaure
  2286 | D:4      | Killed Menkaure
  2323 | D:5      | Entered Level 5 of the Dungeon
  2331 | D:5      | Reached XP level 6. HP: 16/41 MP: 1/12
  2478 | D:4      | Found a staircase to the Ecumenical Temple.
  2494 | Temple   | Entered the Ecumenical Temple
  2755 | Temple   | Became a worshipper of Vehumet
  3099 | D:5      | Noticed a centaur
  3107 | D:5      | Killed a centaur
  3231 | D:5      | Reached skill level 5 in Conjurations
  3231 | D:5      | Reached XP level 7. HP: 37/46 MP: 8/13
  3396 | D:5      | Noticed an ogre
  3441 | D:5      | Killed an ogre
  3569 | D:5      | Got a pitted scale mail
  3579 | D:5      | Identified the cursed -2 scale mail of the Swan {Str-1 Dex+3 Int+1 Acc+2 SInv} (You took it off a goblin on level 5 of the Dungeon)
  4115 | D:6      | Acquired Vehumet's first power
  4115 | D:6      | Offered knowledge of Sting by Vehumet.
  4121 | D:6      | Learned a level 1 spell: Sting
  4335 | D:6      | Reached skill level 6 in Conjurations
  4592 | D:6      | Reached XP level 8. HP: 19/52 MP: 6/15
  4668 | D:6      | Reached skill level 5 in Charms
  4727 | D:6      | Found a glowing golden altar of the Shining One.
  5167 | D:7      | Offered knowledge of Throw Frost by Vehumet.
  5177 | D:7      | Reached skill level 7 in Conjurations
  5218 | D:7      | Noticed ark's ghost (experienced KoAs)
  5309 | D:7      | Killed ark's ghost
  5309 | D:7      | Reached XP level 9. HP: 55/57 MP: 6/16
  5533 | D:7      | Found a roughly hewn altar of Beogh.
  5568 | D:7      | Reached skill level 8 in Conjurations
  5612 | D:7      | Offered knowledge of Mephitic Cloud by Vehumet.
  5617 | D:7      | Learned a level 3 spell: Mephitic Cloud
  5671 | D:7      | Paralysed by a potion of paralysis for 6 turns
  5730 | D:7      | Found a staircase to the Orcish Mines.
  5746 | D:7      | HP: 1/57 [orc warrior/orcish war axe (25)]
  6007 | D:7      | Acquired Vehumet's second power
  6061 | D:7      | Reached skill level 1 in Air Magic
  6452 | D:7      | Found a shimmering altar of Xom.
  6975 | D:7      | Offered knowledge of Olgreb's Toxic Radiance by Vehumet.
  7039 | D:8      | Got a pair of distressingly furry gloves
  7042 | D:8      | Identified the cursed -4 pair of gloves "Jett" {Dex+3} (You found it on level 8 of the Dungeon)
  7087 | D:8      | Noticed Psyche
  7100 | D:8      | Killed Psyche
  7100 | D:8      | Reached skill level 9 in Conjurations
  7342 | D:8      | Found a white marble altar of Elyvilon.
  7392 | D:8      | HP: 1/57 [worm zombie (2)]
  7587 | D:8      | Noticed Joseph
  7734 | D:7      | Reached XP level 10. HP: 50/63 MP: 3/18
  7975 | D:8      | Killed Joseph
  8105 | D:8      | Acquired Vehumet's third power
  8112 | D:8      | HP: 1/63 [yellow wasp (4)]
  8114 | D:8      | Slain by a yellow wasp

Action                   |  1- 3 |  4- 6 |  7- 9 | 10-12 || total
-------------------------+-------+-------+-------+-------++-------
Melee: Unarmed           |    15 |       |       |       ||    15
       Dagger            |   111 |    98 |   132 |    10 ||   351
 Cast: Magic Dart        |    28 |    11 |    12 |       ||    51
       Searing Ray       |     4 |    10 |    70 |     6 ||    90
       Sting             |       |       |    40 |    15 ||    55
       Mephitic Cloud    |       |       |     5 |     2 ||     7
       Iskenderun's Batt |       |       |     1 |       ||     1
 Abil: Bottle Blood      |       |       |     3 |       ||     3
Evoke: Wand              |       |       |     1 |       ||     1
  Use: Potion            |     1 |     6 |    12 |     4 ||    23
       Scroll            |       |       |     9 |       ||     9
 Stab: Sleeping          |     5 |     5 |     8 |       ||    18
       Distracted        |       |       |     1 |       ||     1
       Invisible         |       |       |     2 |       ||     2
